 Dungeon Crawl Stone Soup version 0.26-a0-394-g0b5ff556b1 (webtiles) character file.

Game seed: 14124564147460767244

7048 Harras the Carver (level 10, -1/91 HPs)
             Began as a Deep Dwarf Fighter on July 20, 2020.
             Killed by divine providence
             ... invoked by an orc priest
              (10 damage)
             ... on level 1 of the Orcish Mines on July 23, 2020.
             The game lasted 01:16:29 (7326 turns).

Harras the Carver (Deep Dwarf Fighter)              Turns: 7326, Time: 01:16:30

Health: -1/91      AC: 15    Str: 21    XL:     10   Next: 83%
Magic:  3/3        EV: 13    Int:  9    God:
Gold:   540        SH: 12    Dex: 19    Spells: 9/9 levels left

rFire    . . .     SeeInvis .   F - +6 scimitar (vorpal)
rCold    . . .     Faith    .   c - +0 kite shield
rNeg     + + .     Spirit   .   e - +0 chain mail
rPois    .         Reflect  .   E - +0 helmet of the Trombone {-Cast rN++ Dex+5}
rElec    .         Harm     .   R - +0 cloak
rCorr    .         NoCast   +   (no gloves)
MR       +....                  B - +0 pair of boots
Stlth    ..........             (no amulet)
HPRegen  0.00/turn              q - +4 ring of slaying
MPRegen  0.08/turn              K - +4 ring of evasion

@: non-regenerating
A: damage resistance, heal wounds, sense surroundings 2, no regeneration
a: Heal Wounds


You were on level 1 of the Orcish Mines.
You visited 2 branches of the dungeon, and saw 10 of its levels.

You collected 540 gold pieces.

Inventory:

Hand Weapons
 a - a +1 war axe
 m - a +2 whip of chaos
 o - a +1 falchion of flaming
 w - a +4 shortbow
 y - a +1 falchion of holy wrath
 F - a +6 vorpal scimitar (weapon)
 H - a +0 dagger of holy wrath
 M - a +2 dagger of venom
Missiles
 k - 135 arrows
 r - 4 silver boomerangs
 v - 12 boomerangs (quivered)
 A - 9 poisoned darts
 C - 35 bolts
 I - 8 javelins
 J - 77 sling bullets
Armour
 b - a +0 scale mail
 c - a +0 kite shield (worn)
 e - a +0 chain mail (worn)
 B - a +0 pair of boots (worn)
 D - a scarf of harm
 E - the +0 helmet of the Trombone (worn) {-Cast rN++ Dex+5}
   (You took it off Robin on level 4 of the Dungeon)

   It affects your dexterity (+5).
   It greatly protects you from negative energy.
   It prevents spellcasting.
 O - a +2 robe of fire resistance
 Q - +0 acid dragon scales
 R - a +0 cloak (worn)
Magical Staves
 T - an uncursed staff of death {unknown}
Jewellery
 q - a +4 ring of slaying (left hand)
 u - an uncursed amulet of faith
 K - a +4 ring of evasion (right hand)
Wands
 f - a wand of enslavement (6)
 t - a wand of paralysis (8)
 z - a wand of acid (9)
 L - a wand of flame (9)
Scrolls
 i - 6 scrolls of remove curse
 s - 2 scrolls of fog
 P - a scroll of teleportation
Potions
 d - a potion of might
 g - 7 potions of curing
 h - 2 potions of degeneration {unknown}
 j - 2 potions of mutation {unknown}
 l - a potion of lignification {unknown}
 n - 2 potions of heal wounds
 p - 6 potions of flight
 x - 2 potions of haste {unknown}
 G - a potion of brilliance {unknown}
 S - a potion of magic {unknown}


   Skills:
 + Level 6.1 Fighting
 + Level 9.8 Long Blades
 + Level 6.4 Axes
 + Level 1.1 Throwing
 + Level 8.0 Armour
 + Level 3.2 Dodging
 + Level 1.4 Stealth
 + Level 8.9 Shields


You had 9 spell levels left.
You didn't know any spells.
Your spell library contained the following spells:

 Spells                   Type           Power        Failure   Level
 Corona                   Hex            #......      100%        1
 Ensorcelled Hibernation  Hex/Ice        #.....       100%        2
 Confusing Touch          Hex            #.......     100%        3
 Dazzling Flash           Conj/Hex       #.....       100%        3
 Tukima's Dance           Hex            #.......     100%        3


Dungeon Overview and Level Annotations

Branches:
Dungeon (9/15)             Temple (0/1) D:5             Orc (1/2) D:9
   Lair: D:8-11

Altars:
Ashenzari
Cheibriados
Dithmenos
Elyvilon
Nemelex Xobeh
Qazlal
Sif Muna
Trog
Uskayaw
Xom


Innate Abilities, Weirdness & Mutations

You are resistant to damage.
You can heal yourself by infusing magical energy.
You passively map the area around you.
You do not regenerate.


Message History

The troll closely misses you. The troll claws you but does no damage.
The cyclops hits you!!
The orc priest calls upon Beogh to heal the orc warrior.
The orc warrior is healed somewhat.
The orc priest mumbles some strange prayers to Beogh against you.
Beogh smites you!
* * * LOW HITPOINT WARNING * * *
You block the orc warrior's attack.
You hear a shout! x2
You see here 3 large rocks.
You feel much better. You block the troll's attack. x2
The troll claws you but does no damage.
The orc priest calls down the wrath of Beogh upon you.
Beogh smites you!
The orc priest calls down the wrath of Beogh upon you.
Beogh smites you! The cyclops hits you!!
* * * LOW HITPOINT WARNING * * *
The orc priest mumbles some strange prayers to Beogh against you.
Beogh smites you!
You die...

## ##.## ##
##...####
#.##.....#.#
*..........., *
* .....#TC.# *
.....##@# # * ,
.#..#o#o###*.#.
,.T....ooo.#....
* .#..o.ooo..#
**
*##........#...
* #....<.......,
, ,
#............* ,
, #.............
,
##.#..#.....#.,
,


You could see a cyclops, a troll, an orc warrior, 3 orc priests, an orc wizard
(fast) and 2 orcs.

Vanquished Creatures
  The ghost of P0WERM0DE the Fighter, a novice PaWz of Cheibriados (D:8)
  A dancing weapon (D:8)
  Pikel (D:6)
  A cyclops (D:7)
  Maggie (D:6)
  The ghost of tensugalgo the Ruffian, an amateur PaFi (D:4)
  A hippogriff (D:9)
  5 yaks (D:7)
  A wyvern (D:9)
  A hornet zombie (D:9)
  2 ice beasts
  3 orc warriors
  3 ogres
  A phantom (D:6)
  4 lemures (D:6)
  2 centaurs (D:7)
  Blork the orc (D:4)
  2 bullfrogs (D:8)
  4 scorpions
  7 wights
  4 howler monkeys
  A bullfrog zombie (D:5)
  A centaur zombie (D:6)
  7 orc priests
  2 jellies
  2 bullfrog skeletons
  2 centaur skeletons
  2 hounds
  17 orc wizards
  An iguana (D:8)
  7 worker ants
  A hound zombie (D:8)
  2 howler monkey zombies (D:8)
  Robin (D:4)
  A hound skeleton (D:5)
  A worker ant zombie (D:9)
  3 gnolls (D:2)
  7 adders
  4 shadow imps
  2 white imps
  3 ufetubi
  An ooze (D:1)
  An adder zombie (D:6)
  An adder skeleton (D:4)
  8 worms
  5 dart slugs
  3 leopard geckos
  28 orcs
  4 giant cockroaches
  14 hobgoblins
  12 jackals
  7 kobolds
  2 quokkas
  2 ball pythons
  8 bats
  6 frilled lizards
  13 goblins
  A jackal skeleton (D:4)
  2 jackal zombies
  4 rats
236 creatures vanquished.

Vanquished Creatures (others)
  A centaur (D:8)
  An ogre (D:8)
  A bullfrog (D:8)
  2 hounds (D:8)
5 creatures vanquished.

Grand Total: 241 creatures vanquished

Notes
Turn   | Place    | Note
-------+----------+-------------------------------------------
     0 | D:1      | Harras the Deep Dwarf Fighter began the quest for the Orb.
     0 | D:1      | Reached XP level 1. HP: 20/20 MP: 1/1
   112 | D:1      | Reached XP level 2. HP: 24/27 MP: 2/2
   440 | D:1      | Reached XP level 3. HP: 28/33 MP: 3/3
   726 | D:2      | Found a white marble altar of Elyvilon.
   804 | D:2      | Reached XP level 4. HP: 42/42 MP: 4/4
   986 | D:2      | Found a faded altar of an unknown god.
  1132 | D:2      | Found a shattered altar of Ashenzari.
  1132 | D:2      | Found a shadowy altar of Dithmenos.
  1993 | D:3      | Reached XP level 5. HP: 47/49 MP: 5/5
  2275 | D:3      | Found a bloodstained altar of Trog.
  2374 | D:4      | Identified the +0 helmet of the Trombone {-Cast rN++ Dex+5}
  2374 | D:4      | Noticed Robin
  2381 | D:4      | Killed Robin
  2622 | D:4      | Found a stormy altar of Qazlal.
  2718 | D:4      | Reached XP level 6. HP: 46/56 MP: 6/6
  2739 | D:4      | Reached skill level 5 in Axes
  2739 | D:4      | Reached skill level 1 in Dodging
  2862 | D:4      | Noticed Blork the orc
  2870 | D:4      | Killed Blork the orc
  2896 | D:4      | Found a large runed translucent door.
  2896 | D:4      | Found a large runed translucent door.
  2899 | D:4      | Noticed tensugalgo's ghost (amateur PaFi)
  2910 | D:4      | Killed tensugalgo's ghost
  2910 | D:4      | Reached skill level 5 in Shields
  2910 | D:4      | Reached XP level 7. HP: 60/63 MP: 7/7
  3365 | D:5      | Entered Level 5 of the Dungeon
  3633 | D:5      | Found a hide-covered altar of Uskayaw.
  3637 | D:5      | Reached skill level 1 in Long Blades
  3637 | D:5      | Reached skill level 1 in Throwing
  3745 | D:5      | Found a staircase to the Ecumenical Temple.
  3774 | D:5      | Reached skill level 5 in Armour
  3802 | D:5      | Reached skill level 2 in Long Blades
  3802 | D:5      | Reached XP level 8. HP: 45/72 MP: 8/8
  3892 | D:5      | Found a sparkling altar of Nemelex Xobeh.
  4132 | D:5      | Reached skill level 3 in Long Blades
  4700 | D:6      | Found a shimmering blue altar of Sif Muna.
  4726 | D:6      | Reached skill level 4 in Long Blades
  4728 | D:6      | Noticed Pikel
  4773 | D:6      | Killed Pikel
  4773 | D:6      | Reached skill level 5 in Long Blades
  4816 | D:6      | Gained mutation: You passively map the area around you.
                  | [Deep Dwarf growth]
  4816 | D:6      | Reached XP level 9. HP: 42/79 MP: 8/8
  4859 | D:6      | Noticed Maggie
  4880 | D:6      | Killed Maggie
  4979 | D:6      | Reached skill level 6 in Long Blades
  5278 | D:6      | Upgraded the game from 0.26-a0-376-g13fbb91ece to
                  | 0.26-a0-394-g0b5ff556b1
  5376 | D:7      | Noticed a cyclops
  5398 | D:7      | Killed a cyclops
  5398 | D:7      | Reached skill level 5 in Fighting
  5398 | D:7      | Reached skill level 7 in Long Blades
  5631 | D:7      | Reached XP level 10. HP: 72/88 MP: 5/5
  5903 | D:7      | Reached skill level 8 in Long Blades
  6013 | D:7      | Reached skill level 1 in Stealth
  6155 | D:8      | Found a runed translucent door.
  6177 | D:8      | Found a shimmering altar of Xom.
  6177 | D:8      | Noticed P0WERM0DE's ghost (novice PaWz)
  6177 | D:8      | Noticed a +2 whip of chaos
  6251 | D:8      | Killed a +2 whip of chaos
  6296 | D:8      | Killed P0WERM0DE's ghost
  6371 | D:8      | Reached skill level 9 in Long Blades
  6747 | D:8      | Found a sand-covered staircase.
  7183 | D:9      | Found a staircase to the Orcish Mines.
  7237 | D:9      | Found a snail-covered altar of Cheibriados.
  7308 | Orc:1    | Entered Level 1 of the Orcish Mines
  7310 | Orc:1    | Noticed a cyclops
  7326 | Orc:1    | Killed from afar by an orc priest

Illustrated notes

Levels and vault maps discovered:
D:1:      evilmike_arrival_rings, layout_rooms, minmay_pentomino_o4
D:2:      layout_basic, overflow_temple_1_default,
          gammafunk_temple_overflow_elements,
          chequers_ecumenical_altar_simple_redux
D:3:      minmay_wonky_spiral, layout_loops_cross,
          lemuel_coloured_pillars_altar, minmay_fractal_squares_5
D:4:      layout_loops_ring, nicolae_overflow_crystal_walls,
          ebering_ghost_disaster_area, st_stairs_14, uniq_robin,
          uniq_blork_the_orc
D:5:      layout_basic, eat_drink_and_be_merry_uskayaw,
          minmay_temple_entry_antechambers, cheibrodos_sewer_entry_bend,
          nemelex_diamond_rough_becter
D:6:      layout_rooms, kennysheep_little_box, minmay_misc_feat_columns,
          uniq_maggie, uniq_pikel
D:7:      layout_cave_pools
D:8:      layout_rooms, xom_confusion_cloud,
          nicolae_ossuary_entry_false_entrances, ebering_ghost_xom
D:9:      layout_small_grid, cheibriados_altar_1, orc_0_dummy
Orc:1:    layout_caves, uniq_erica

Skill      XL: |  1  2  3  4  5  6  7  8  9 10 |
---------------+-------------------------------+-----
Fighting       | 3 4 5 6 |  6.1
Shields        | 4 5 6 7 8 |  8.9
Axes           | 3 4 5 6 |  6.4
Armour         | 4 5 7 8 |  8.0
Dodging        | 1 2 3 |  3.2
Long Blades    | 2 5 7 9 |  9.8
Throwing       | 1 |  1.1
Stealth        | 1 |  1.4

Action                   |  1- 3 |  4- 6 |  7- 9 | 10-12 || total
-------------------------+-------+-------+-------+-------++-------
Melee: War axe           |   105 |   209 |       |       ||   314
       Scimitar          |       |     7 |   295 |   193 ||   495
Throw: Stone             |    10 |       |       |       ||    10
       Boomerang         |       |       |    20 |       ||    20
 Abil: Heal Wounds       |     3 |     3 |    19 |     9 ||    34
  Use: Scroll            |     5 |       |    15 |     5 ||    25
Armor: Chain mail        |    73 |   121 |   219 |    60 ||   473
Dodge: Dodged            |    27 |    45 |   120 |    45 ||   237
Block: Kite shield       |    64 |   122 |   242 |    98 ||   526
       Rpst.: Scimitar   |       |       |    33 |    11 ||    44

Table legend: (Time is in decaauts)
 A = Elapsed time spent in this place.
 B = Non-inter-level travel time spent in this place.
 C = Inter-level travel time spent in this place.
 D = Time resting spent in this place.
 E = Time spent auto-exploring this place.
 F = Levels seen in this place.
 G = Mean time per level.
                   A        B        C        D        E       F      G
               +--------+--------+--------+--------+--------+-----+--------+
         Total |   7539 |   3283 |   4256 |      0 |     11 |  10 |  753.9 |
       Dungeon |   7522 |   3266 |   4256 |      0 |     11 |   9 |  835.8 |
  Orcish Mines |     17 |     17 |      0 |      0 |      0 |   1 |   17.0 |
               +--------+--------+--------+--------+--------+-----+--------+

Top non-repeatable levels by time:
     D:7: 836 daAuts
     D:8: 655 daAuts
     D:9: 485 daAuts
     D:6: 49 daAuts
   Orc:1: 17 daAuts
Note: time per level data comes from an upgraded game and may be incomplete.
